 Dungeon Crawl Stone Soup version 0.14-a0-3315-g09e681a (webtiles) character file.

28 4tharraofdagon the Skirmisher (level 2, -3/43 HPs)
             Began as a Troll Berserker on Mar 15, 2014.
             Was a Follower of Trog.
             Killed from afar by Jessica (4 damage)
             ... with a wand of magic darts
             ... on Level 2 of the Dungeon.
             The game lasted 00:01:04 (236 turns).

4tharraofdagon the Skirmisher (Troll Berserker)      Turns: 236, Time: 00:01:04

HP  -3/43        AC  5     Str 29      XL: 2   Next: 31%
MP   1/1         EV 10     Int  3      God: Trog [*.....]
Gold 14          SH  0     Dex  9      Spells:  0 memorised,  1 level left

rFire  + . .     SeeInvis .     a - +0 hand axe
rCold  . . .     Clarity  .     b - +0 animal skin
rNeg   . . .     Conserve .     (shield restricted)
rPois  .         rCorr    .     (helmet restricted)
rElec  .         rRot     .     (no cloak)
SustAb . .       Spirit   .     (gloves unavailable)
rMut   .         Warding  .     (boots unavailable)
Gourm  +         Stasis   .     (no amulet)
MR     +....                    h - ring of protection from fire {unknown}
                                g - ring of protection from magic {unknown}

@: berserking, slowed, somewhat resistant to hostile enchantments, extremely
unstealthy
A: unfitting armour, claws 3, fast metabolism 3, gourmand, regeneration 2,
saprovore 2, shaggy fur 1, tough skin 2
a: Burn Spellbooks, Berserk, Renounce Religion


You were on level 2 of the Dungeon.
You worshipped Trog.
Trog was aware of your devotion.
You were very full.

You visited 1 branch of the dungeon, and saw 2 of its levels.

You collected 14 gold pieces.

Inventory:

Hand weapons
 a - a +0,+0 hand axe (weapon)
Armour
 b - a +0 animal skin (worn)
Comestibles
 c - 3 meat rations
Scrolls
 d - a scroll of enchant armour {unknown}
 e - a scroll of immolation {unknown}
 f - a scroll of random uselessness {unknown}
Jewellery
 g - a ring of protection from magic (left claw) {unknown}
 h - a ring of protection from fire (right claw) {unknown}
Potions
 i - a potion of restore abilities {unknown}


   Skills:
 + Level 2.7 Fighting
 * Level 2.7 Axes
 + Level 0.5 Armour
 - Level 2.6 Dodging


You had one spell level left.
You didn't know any spells.

Dungeon Overview and Level Annotations

Branches:
Dungeon (2/15)

Altars:

Annotations:
D:2 Jessica


Innate Abilities, Weirdness & Mutations

You are too large for most types of armour.
You have claws for hands.
Your metabolism is lightning-fast.
You like to eat raw meat.
You heal very quickly.
You can eat rotten meat.
You are covered in fur (AC +1).
You have very tough skin (AC +2).


Message History

Jessica zaps a wand.
The magic dart hits you!
Jessica points at you and mumbles some strange words.
You feel yourself slow down.
Jessica zaps a wand.
The magic dart hits you!
You hit Jessica but do no damage. Jessica hits you but does no damage.
Jessica hits you with a dagger.
Jessica zaps a wand.
The magic dart hits you!
* * * LOW HITPOINT WARNING * * *
You are too injured to fight recklessly!
Unknown command.
Use which ability? (? or * to list)
A red film seems to cover your vision as you go berserk!
You feel yourself moving faster!
You feel mighty!
You feel somewhat less full. Jessica hits you but does no damage.
Jessica zaps a wand.
The magic dart hits you!
* * * LOW HITPOINT WARNING * * *
Unknown command.
You barely miss Jessica.
Jessica zaps a wand.
The magic dart hits you!
* * * LOW HITPOINT WARNING * * *
Jessica zaps a wand.
The magic dart hits you!
You die...

#.# ##.## #...# ... # ...
#### ... ## #.#
##..##..## .# #.#
##........#
.######.######..........#
........<.......@@.......
..#####...#####........##
..# #...# #....>...# ..#
#...# ..?....... ###
#.#... ...........
#.#######........ #.#
##..##.. ... ##.. . ... #


You could see Jessica.

Vanquished Creatures
  A giant cockroach (D:1)
  3 hobgoblins (D:1)
  2 jackals (D:1)
  2 kobolds (D:1)
  A bat (D:1)
  3 giant newts
  2 rats (D:2)
14 creatures vanquished.

Notes
Turn   | Place    | Note
--------------------------------------------------------------
     0 | D:1      | 4tharraofdagon, the Troll Berserker, began the quest for the Orb.
     0 | D:1      | Reached XP level 1. HP: 22/22 MP: 1/1
   117 | D:1      | Reached XP level 2. HP: 29/29 MP: 1/1
   226 | D:2      | Noticed Jessica
   236 | D:2      | HP: 1/43 [Jessica/wand of magic darts (4)]
   236 | D:2      | Killed from afar by Jessica

Action                   || total
-------------------------++-------
Melee: Hand axe          ||    40
Invok: Berserk           ||     1
